AoeStats
← sam.salorio

Golden Pit

509771666Analyzed
1v1 RM · 3d ago on Sep 28, 2026· 30m 31s· 2 players
Game mode
Random Map
Map size
Tiny (2 player)
Population
200
Speed
Normal
Resources
Standard
Victory
Conquest
Starting age
Dark Age
Ending age
Imperial Age
RankedLock teamsTeams togetherTeam positionsShared explorationLock speedFull tech treeHidden civsTurbo modeCheats
Victory
Defeat
🇲🇽 Khmer · Mexico
785
+17
🇺🇸 Byzantines · United States
800
-17
JamonRush
9:02 Loom
10:48 Feudal Age
14:11 Castle Age
23:25 Double-Bit Axe
23:23 Horse Collar
24:49 Scale Barding Armor
24:59 Bloodlines
24:49 Husbandry
26:55 Chain Barding Armor
28:03 Forging
sam.salorio
3:38 Loom
12:44 Feudal Age
14:34 Horse Collar
14:41 Double-Bit Axe
18:10 Castle Age
17:17 Horse Collar
18:00 Scale Barding Armor
24:11 Wheelbarrow
24:31 Double-Bit Axe
25:29 Bow Saw
Connection lost

Rejoining the realm…

Still unreachable

The connection could not be restored.

Session expired

The server has moved on; the page needs a fresh start.